 Dungeon Crawl Stone Soup version 0.21-a0-348-ga060c75 (webtiles) character file.

306 JackS81 the Shield-Bearer (level 6, 0/51 HPs)
             Began as a Minotaur Fighter on Oct 6, 2017.
             Was an Initiate of the Shining One.
             Succumbed to a gnoll's poison
             ... on level 3 of the Dungeon.
             The game lasted 00:08:36 (1935 turns).

JackS81 the Shield-Bearer (Minotaur Fighter)        Turns: 1935, Time: 00:08:36

Health: 0/51       AC:  8    Str: 22    XL:     6   Next: 16%
Magic:  5/5        EV:  8    Int:  5    God:    the Shining One [......]
Gold:   149        SH: 11    Dex: 10    Spells: 5/5 levels left

rFire    . . .     SeeInvis .   a - +1 long sword
rCold    . . .     Gourm    .   c - +1 shield
rNeg     . . .     Faith    .   b - +0 scale mail
rPois    .         Spirit   .   (helmet restricted)
rElec    .         Reflect  .   (no cloak)
rCorr    .         Harm     .   (no gloves)
MR       .....                  e - +0 pair of boots
Stlth    ..........             (no amulet)
HPRegen  0.17/turn              m - ring of loudness (curse)
MPRegen  0.09/turn              (no ring)

@: lethally poisoned (0 -> -7), glowing
A: retaliatory headbutt, horns 2
a: Renounce Religion


You were on level 3 of the Dungeon.
You worshipped the Shining One.
The Shining One was noncommittal.
You were not hungry.

You visited 1 branch of the dungeon, and saw 3 of its levels.

You collected 149 gold pieces.

Inventory:

Hand Weapons
 a - a +1 long sword (weapon)
Missiles
 l - 5 tomahawks (quivered)
Armour
 b - a +0 scale mail (worn)
 c - a +1 shield (worn)
 e - a +0 pair of boots (worn)
Jewellery
 m - a cursed ring of loudness (left hand)
Wands
 j - a wand of flame (47/48)
Scrolls
 g - a scroll of enchant armour
 h - 3 scrolls of identify
 i - a scroll of recharging
 r - a scroll of enchant weapon
Potions
 d - a potion of might
Comestibles
 f - 2 bread rations
 k - a fruit
 p - 2 chunks of flesh
 q - 2 royal jellies


   Skills:
 - Level 3.6 Fighting
 * Level 5.8 Long Blades
 - Level 3.6 Armour
 * Level 6.4 Shields


You had 5 spell levels left.
You didn't know any spells.

Dungeon Overview and Level Annotations

Branches:
Dungeon (3/15)

Altars:
Ashenzari
Qazlal
Zin
The Shining One


Innate Abilities, Weirdness & Mutations

You reflexively headbutt those who attack you in melee.
You have a pair of horns on your head.


Message History

* * * LOW HITPOINT WARNING * * *
You feel sick. You block the hobgoblin's attack.
You barely miss the hobgoblin.
The hobgoblin is moderately wounded.
* * * LOW HITPOINT WARNING * * *
You feel sick. The hobgoblin barely misses you. You furiously retaliate!
You headbutt the hobgoblin, but do no damage.
You hit the hobgoblin.
You kill the hobgoblin!
* * * LOW HITPOINT WARNING * * *
You feel sick.
You slash the kobold!
You kill the kobold!
* * * LOW HITPOINT WARNING * * *
You feel sick.
The gnoll hits you from afar with a spear.
* * * LOW HITPOINT WARNING * * *
You hit the kobold.
You kill the kobold!
You die...

####***########$$$#≈≈≈≈≈*
...## ##......#$$?#≈≈≈≈≈*
....###.......#$$$*≈≈≈≈≈**
.....#...(....##)#*≈≈≈≈≈≈*
.....#...(.(.....#≈≈≈≈≈≈≈*
....))........).(#≈≈≈≈≈≈≈*
....)#.......).gK#≈≈≈≈≈≈≈**
.....#........##)##≈≈≈≈≈≈≈*
....###.......#.@†#≈≈≈≈≈≈≈*
...## ##......#...#≈≈≈≈≈≈≈#
###############..(#≈≈≈≈≈≈≈#
≈≈≈≈≈≈≈≈≈≈≈≈≈≈#####≈≈≈≈≈≈≈#
≈≈≈≈≈≈≈≈≈≈≈≈≈≈≈≈≈≈≈≈≈≈≈≈≈≈#
≈≈≈≈≈≈≈≈≈≈≈≈≈≈≈≈≈≈≈≈≈≈≈≈≈≈#
≈≈.≈.≈≈≈≈≈≈.≈≈≈....≈≈≈....#
..........................#
...........)..............#


You could see a gnoll and a kobold.

Vanquished Creatures
  2 big kobolds (D:3)
  3 gnolls
  2 adders
  An ooze (D:2)
  2 worms (D:2)
  4 dart slugs
  A leopard gecko (D:3)
  4 orcs (D:3)
  A ball python (D:2)
  9 bats
  5 giant cockroaches
  18 hobgoblins
  2 jackals (D:1)
  A quokka (D:2)
  A frilled lizard (D:2)
  21 goblins
  9 kobolds
  A leopard gecko skeleton (D:2)
  5 rats
  A plant (D:2)
93 creatures vanquished.

Notes
Turn   | Place    | Note
-------+----------+-------------------------------------------
     0 | D:1      | JackS81 the Minotaur Fighter began the quest for the Orb.
     0 | D:1      | Reached XP level 1. HP: 19/19 MP: 0/0
    63 | D:1      | Reached skill level 4 in Shields
    77 | D:1      | Reached XP level 2. HP: 16/26 MP: 1/1
   385 | D:1      | Reached XP level 3. HP: 31/31 MP: 2/2
   825 | D:2      | Reached skill level 5 in Shields
  1156 | D:2      | Reached XP level 4. HP: 36/39 MP: 3/3
  1537 | D:3      | Found a faded altar of an unknown god.
  1537 | D:3      | Found a stormy altar of Qazlal.
  1542 | D:3      | Found a glowing silver altar of Zin.
  1544 | D:3      | Found a glowing golden altar of the Shining One.
  1545 | D:3      | Found a shattered altar of Ashenzari.
  1549 | D:3      | Became a worshipper of the Shining One
  1871 | D:3      | Reached XP level 5. HP: 29/45 MP: 4/4
  1917 | D:3      | Reached skill level 5 in Long Blades
  1917 | D:3      | Reached skill level 6 in Shields
  1927 | D:3      | Reached XP level 6. HP: 8/51 MP: 5/5
  1934 | D:3      | HP: 1/51 [gnoll/spear (2)]
  1935 | D:3      | Succumbed to a gnoll's poison

Vault maps used:
D:1:      saegor_arrival_simple_a, lemuel_flame_loot_1
D:2:      kennysheep_big_flooded_room, serial_bayou_lake_a
D:3:      minmay_goblin_kobold_castle, chequers_temple_overflow_minitemple,
          first_bread

Skill      XL: |  1  2  3  4  5 |
---------------+----------------+-----
Shields        | 4 5 6 |  6.4
Long Blades    | 3 4 5 |  5.8
Fighting       | |  3.6
Armour         | |  3.6

Action                   |  1- 3 |  4- 6 || total
-------------------------+-------+-------++-------
Melee: Long sword        |   101 |   127 ||   228
       Headbutt          |    16 |    23 ||    39
  Use: Scroll            |       |     6 ||     6
       Potion            |       |     2 ||     2
  Eat: Chunk             |     1 |     3 ||     4
Armor: Scale mail        |    54 |    61 ||   115
Dodge: Dodged            |    41 |    51 ||    92
Block: Shield            |    60 |    96 ||   156
       Rpst.: Long sword |    11 |     9 ||    20

Table legend:
 A = Spawn XP
 B = Non-spawn XP
 C = Spawn XP percentage of total XP
 D = Spawn monster count
 E = Non-spawn monster count
 F = Spawn count percentage of total count
 G = Total turns spent on level
                    A         B        C        D         E        F      G
               +---------+---------+-------+---------+---------+-------+---------
         Total |       0 |     438 |   0.0 |       0 |      92 |   0.0 |  1935
               +---------+---------+-------+---------+---------+-------+---------
           D:1 |       0 |      56 |   0.0 |       0 |      24 |   0.0 |   797
           D:2 |       0 |      60 |   0.0 |       0 |      23 |   0.0 |   605
           D:3 |       0 |     322 |   0.0 |       0 |      45 |   0.0 |   533
               +---------+---------+-------+---------+---------+-------+---------
